 Dungeon Crawl Stone Soup version 0.17-a0-1650-gce8475a (webtiles) character file.

195 kae the Firebug (level 5, -3/28 HPs)
             Began as a Tengu Fire Elementalist on Aug 13, 2015.
             Slain by a gnoll
             ... wielding a +0 club
              (7 damage)
             ... on level 3 of the Dungeon.
             The game lasted 00:03:45 (2917 turns).

kae the Firebug (Tengu Fire Elementalist)           Turns: 2917, Time: 00:03:45

Health: -3/28      AC:  4    Str:  9    XL:     5   Next: 74%
Magic:  1/10       EV: 13    Int: 16    God:
Gold:   89         SH:  0    Dex: 17    Spells: 3 memorised, 3 levels left

rFire  + . .     SeeInvis .     a - +0 spear
rCold  . . .     Clarity  .     y - +2 robe {MR+}
rNeg   . . .     SustAt   .     (no shield)
rPois  .         Gourm    .     (helmet restricted)
rElec  .         Spirit   .     (no cloak)
rCorr  .         Warding  .     (no gloves)
rMut   .         Stasis   .     (boots unavailable)
MR     +....                    (no amulet)
Stlth  ++........               u - ring of protection from fire
                                p - +3 ring of dexterity

@: somewhat resistant to hostile enchantments, unstealthy
A: beak, talons 3, able to fly 1
a: Fly


You were on level 3 of the Dungeon.
You were hungry.

You visited 1 branch of the dungeon, and saw 3 of its levels.

You collected 89 gold pieces.

Inventory:

Hand weapons
 a - a +0 spear (weapon)
 b - a +0 whip of electrocution
 i - a +0 short sword
 t - a +0 whip of flaming
Armour
 v - a +0 robe
 y - a +2 robe of magic resistance (worn)
Jewellery
 p - a +3 ring of dexterity (left hand)
 u - a ring of protection from fire (right hand)
Scrolls
 d - 2 scrolls of random uselessness {unknown}
 f - 3 scrolls of identify {unknown}
 h - 3 scrolls of remove curse {unknown}
 j - 2 scrolls of fog {unknown}
 r - a scroll of enchant armour {unknown}
 s - a scroll of teleportation {unknown}
 w - a scroll of recharging {unknown}
 x - a scroll of noise {unknown}
Potions
 e - 3 potions of curing
 k - a potion of brilliance {unknown}
 l - a potion of haste {unknown}
 m - a potion of cure mutation {unknown}
 n - 2 potions of heal wounds {unknown}
 q - a potion of flight {unknown}
 z - 2 potions of invisibility {unknown}
Books
 g - a book of Necromancy

   Spells                             Type                      Level
   a - Pain                           Necromancy                   1
   b - Animate Skeleton               Necromancy                   1
   c - Vampiric Draining              Necromancy                   3
   d - Regeneration                   Charms/Necromancy            3
   e - Animate Dead                   Necromancy                   4
   f - Control Undead                 Necromancy                   4
 o - a book of Flames

   Spells                             Type                      Level
   a - Flame Tongue                   Conjuration/Fire             1
   b - Throw Flame                    Conjuration/Fire             2
   c - Conjure Flame                  Conjuration/Fire             3
   d - Inner Flame                    Hexes/Fire                   3
   e - Sticky Flame                   Conjuration/Fire             4
   f - Fireball                       Conjuration/Fire             5
Comestibles
 c - 4 bread rations
 A - 2 chunks of flesh


   Skills:
 - Level 2.1 Dodging
 - Level 2.0 Stealth
 + Level 2.9 Spellcasting
 * Level 4.7 Conjurations
 * Level 4.9 Fire Magic


You had 3 spell levels left.
You knew the following spells:

 Your Spells              Type           Power        Failure   Level  Hunger
a - Flame Tongue          Conj/Fire      ###..        2%          1    #......
b - Throw Flame           Conj/Fire      ###...       4%          2    ##.....
c - Conjure Flame         Conj/Fire      ###.....     10%         3    ###....


Dungeon Overview and Level Annotations

Branches:
Dungeon (3/15)

Altars:
Yredelemnul


Innate Abilities, Weirdness & Mutations

You have a beak for a mouth.
You have claws for feet.
You can fly.


Message History

The gnoll hits you with a club!
* * * LOW HITPOINT WARNING * * *
Casting: Flame Tongue
Confirm with . or Enter, or press ? or * to list all spells.
Aiming: Flame Tongue
Press: ? - help, Shift-Dir - straight line, f/p - gnoll
Aim: a gnoll, wielding a club (moderately wounded)
The flame tongue hits the gnoll.
The gnoll is almost dead.
The gnoll hits you with a club.
* * * LOW HITPOINT WARNING * * *
Casting: Flame Tongue
Confirm with . or Enter, or press ? or * to list all spells.
Aiming: Flame Tongue
Press: ? - help, Shift-Dir - straight line, f/p - gnoll
Aim: a gnoll, wielding a club (almost dead)
The flame tongue hits the gnoll.
The gnoll appears unharmed.
The gnoll is almost dead.
The gnoll hits you with a club!
You die...

#............# #.######
#............# #.#.....
#............# #.#.####
#............# #.#.#...
#............# #.#.#.##
#............# #.#.#.##
#..........#.# #.#.#.##
####.#.###.#.#######.#.#.##
#.#.# #@#.........#.#.## #.#.#
#g###########..... #########.#.#
#ยง# ####.####
#.........#.###g########....####
#........>..g..g....#.##.##...##
#............g........##.#....##
###########.###.###.#......_....
#.# #........##....#.# #.#
#....#...##...##.#


You could see 3 gnolls.

Vanquished Creatures
  Jessica (D:3)
  Terence (D:3)
  Robin (D:2)
  A gnoll (D:3)
  4 adders
  2 oozes
  3 worms (D:2)
  4 giant geckos
  2 orcs (D:3)
  3 giant cockroaches
  9 goblins (D:2)
  8 hobgoblins
  7 jackals (D:2)
  A ball python (D:1)
  5 bats
  3 giant newts
  10 kobolds
  4 rats
69 creatures vanquished.

Notes
Turn   | Place    | Note
--------------------------------------------------------------
     0 | D:1      | kae the Tengu Fire Elementalist began the quest for the Orb.
     0 | D:1      | Reached XP level 1. HP: 10/10 MP: 4/4
   271 | D:1      | Reached XP level 2. HP: 15/15 MP: 4/6
   930 | D:2      | Reached XP level 3. HP: 11/19 MP: 3/7
  1134 | D:2      | Reached skill level 4 in Fire Magic
  1332 | D:2      | Noticed Robin
  1338 | D:2      | Killed Robin
  1338 | D:2      | Reached XP level 4. HP: 3/24 MP: 2/8
  2101 | D:2      | Learned a level 2 spell: Throw Flame
  2105 | D:2      | Learned a level 3 spell: Conjure Flame
  2141 | D:3      | Noticed Terence
  2163 | D:3      | Killed Terence
  2163 | D:3      | Gained mutation: You can fly. [Tengu growth]
  2163 | D:3      | Reached XP level 5. HP: 28/28 MP: 1/10
  2247 | D:3      | Found a basalt altar of Yredelemnul.
  2575 | D:3      | Noticed Jessica
  2582 | D:3      | Killed Jessica
  2917 | D:3      | Slain by a gnoll

Vault maps used:
D:1:      dpeg_arrival_connections, minivault_27
D:2:      uniq_robin
D:3:      nicolae_overflow_crystal_walls, uniq_jessica, uniq_terence

Action                   |  1- 3 |  4- 6 || total
-------------------------+-------+-------++-------
Melee: Unarmed           |     9 |       ||     9
       Short sword       |    45 |       ||    45
       Whip              |    22 |    15 ||    37
       Spear             |       |    10 ||    10
 Cast: Flame Tongue      |    34 |    66 ||   100
       Conjure Flame     |       |     2 ||     2
       Throw Flame       |       |     3 ||     3
  Use: Potion            |     2 |       ||     2
 Stab: Sleeping          |       |     3 ||     3
       Distracted        |       |     1 ||     1
  Eat: Chunk             |     2 |     5 ||     7
